General information
			
			
        
        - name: round
 
        - type: Ladder 1vs1/FFA
 
        - host: iggy_the_fisk
 
        - saver: Mata.
 
        
map: TidewaterGlades 
        - players: 8
 
        - length: 03:18
 
        - speed: Fast
 - version: 1.22 W3XP
 - replay type:  

 
» download(19 KB)
Players
        team 1 (loser) 
              
              
TIMG4STRok (
gray | 90 APM | 297 actions | 03:17)
              
 1 Demon Hunter 
 1 Mana Burn
 
                » actions 
                
                | Assign group hotkey | 4 |  | 
| Basic commands | 1 |  | 
| Build / train | 15 |  | 
| Enter build submenu | 5 |  | 
| Enter hero's abilities submenu | 1 |  | 
| Right click | 169 |  | 
| Select / deselect | 48 |  | 
| Select group hotkey | 39 |  | 
| Use ability | 15 |  | 
                297 total
 » units 
                » buildings
                
                | Altar of Elders | 1 |  | 
| Moon Well | 3 |  | 
| Ancient of War | 1 |  | 
                5 total
 » build order
                00:05 Altar of Elders
00:18 Moon Well
00:48 Ancient of War
01:40 Moon Well
02:35 Moon Well
 
               team 2 (winner) 
              
              
Mata. (
blue | 117 APM | 387 actions | 03:18)
              
 1 Archmage 
 1 Summon Water Elemental
 
                » actions 
                
                | Assign group hotkey | 19 |  | 
| Build / train | 23 |  | 
| Enter build submenu | 6 |  | 
| Enter hero's abilities submenu | 1 |  | 
| Right click | 187 |  | 
| Select / deselect | 100 |  | 
| Select group hotkey | 24 |  | 
| Use ability | 27 |  | 
                387 total
 » units 
                » buildings
                
                | Altar of Kings | 1 |  | 
| Barracks | 1 |  | 
| Farm | 2 |  | 
| Lumber Mill | 1 |  | 
| Scout Tower | 1 |  | 
                6 total
 » build order
                00:04 Altar of Kings
00:17 Barracks
00:33 Farm
01:02 Farm
01:30 Lumber Mill
02:55 Scout Tower
 
               refereesiggy_the_fisk, 
NADMaN, 
DirtMcGirt, 
bLinn, 
BEAR_AND, 
evil_pEnGOon Chat log
          (00:07 / All) TIMG4STRok: gay spawn
(00:07 / All) Mata.: is it those level 2 lizards?
(00:21 / All) Mata.: you're ref bear you can tell me
(00:22 / All) Mata.: or is he...
(00:30 / All) BEAR_AND: it's those
(00:34 / All) BEAR_AND: big fucking
(00:36 / All) BEAR_AND: lightnign liz
(00:38 / All) BEAR_AND: 5food
(00:39 / All) TIMG4STRok: zap zap zap
(00:41 / All) Mata.: oh not the level 2 ones
(00:42 / All) Mata.: then
(00:42 / All) Mata.: that's imba
(00:44 / All) BEAR_AND: right
(00:47 / All) Mata.: the ones with purge?
(00:47 / All) BEAR_AND: it's level 5 i think 
(00:50 / All) BEAR_AND: not the highperch ones
(00:53 / All) BEAR_AND: nope they got slam
(00:55 / All) Mata.: christ
(00:59 / All) TIMG4STRok: yesus
(01:03 / All) BEAR_AND: mini-clap
(01:04 / All) bLinn: . . : :  This game is NOT Singcasted by Blinn, thank you for watching!  : : . . 
(01:05 / All) BEAR_AND: 50 damage
(01:06 / All) Mata.: oh well they cheap atleast
(01:19 / All) Mata.: not cheap
(01:20 / All) Mata.: i mean
(01:22 / All) Mata.: if they're 5es
(02:04 / All) TIMG4STRok: n
(03:16 / All) TIMG4STRok: pathing fucks me over again